 Dungeon Crawl Stone Soup version 0.28.0-43-g3370ac3207 (webtiles) character file.

Game seed: 15215750122293999943

32 jimonade the Ruffian (level 3, -1/28 HPs)
             Began as a Gnoll Wanderer on Mar 15, 2022.
             Slain by an ogre
             ... wielding a +0 giant club
              (29 damage)
             ... on level 2 of the Dungeon.
             The game lasted 00:02:27 (913 turns).

jimonade the Ruffian (Gnoll Wanderer)                Turns: 913, Time: 00:02:28

Health: -1/28      AC:  3    Str: 16    XL:     3   Next: 25%
Magic:  4/4        EV: 11    Int: 10    God:
Gold:   67         SH:  0    Dex:  9    Spells: 3/3 levels left

rFire   . . .      SeeInvis .   g - +3 quarterstaff
rCold   . . .      Faith    .   (shield currently unavailable)
rNeg    . . .      Spirit   .   e - +0 leather armour
rPois   .          Reflect  .   (no helmet)
rElec   .          Harm     .   (no cloak)
rCorr   .          Rampage  .   (no gloves)
Will    .....                   (no boots)
Stlth   +.........              (no amulet)
HPRegen 0.09/turn               (no ring)
MPRegen 0.09/turn               (no ring)

@: no status effects
A: fangs 1, strong nose, distributed training
a: no special abilities


You were on level 2 of the Dungeon.
You visited 1 branch of the dungeon, and saw 2 of its levels.

You collected 67 gold pieces.

Inventory:

Hand Weapons
 a - a +0 hand axe
 g - a +3 quarterstaff (weapon)
Missiles
 j - 36 arrows
 l - 3 boomerangs (quivered)
Armour
 d - a +0 buckler
 e - a +0 leather armour (worn)
Scrolls
 c - a scroll of fear
 k - a scroll of noise {unknown}
 m - a scroll of enchant armour {unknown}
Potions
 b - a potion of heal wounds
 f - a potion of brilliance {unknown}
 h - a potion of attraction {unknown}


   Skills:
 + Level 2.6 Fighting
 + Level 0.7 Short Blades
 + Level 0.7 Long Blades
 + Level 2.6 Axes
 + Level 0.7 Maces & Flails
 + Level 0.7 Polearms
 + Level 0.7 Staves
 + Level 0.7 Slings
 + Level 0.7 Bows
 + Level 0.7 Crossbows
 + Level 2.6 Throwing
 + Level 4.5 Armour
 + Level 2.6 Dodging
 + Level 0.7 Stealth
 + Level 2.6 Shields
 + Level 6.5 Unarmed Combat
 + Level 0.7 Spellcasting
 + Level 0.5 Conjurations
 + Level 0.5 Hexes
 + Level 0.5 Summonings
 + Level 0.5 Necromancy
 + Level 0.5 Translocations
 + Level 0.5 Transmutations
 + Level 0.5 Fire Magic
 + Level 0.5 Ice Magic
 + Level 0.5 Air Magic
 + Level 0.5 Earth Magic
 + Level 0.5 Poison Magic
 + Level 0.9 Invocations
 + Level 0.7 Evocations


You had 3 spell levels left.
You didn't know any spells.
Your spell library contained the following spells:

 Spells                   Type           Power      Damage    Failure   Level
 Portal Projectile        Hex/Tloc       2%         N/A       71%         3
 Blade Hands              Tmut           0%         N/A       100%        5
 Excruciating Wounds      Necr           0%         N/A       100%        5


Dungeon Overview and Level Annotations

Branches:
Dungeon (2/15)

Altars:


Innate Abilities, Weirdness & Mutations

You have very sharp teeth.
Your uncanny sense of smell can sniff out nearby items.
Your experience applies equally to all skills.


Message History

The endoplasm is heavily wounded.
The endoplasm misses you.
You hit the endoplasm.
You kill the endoplasm!
No target in view!
An ogre comes into view. It is wielding a +0 giant club.
Throw: 2 darts (poison)
Press: ? - help, Shift-Dir - straight line, f - ogre
Aim: an ogre, wielding a +0 giant club (wandering, hasn't noticed you, 72% to hit)
You throw a poisoned dart. The poisoned dart hits the ogre.
The ogre is poisoned.
The ogre shouts!
Throw: dart (poison)
Press: ? - help, Shift-Dir - straight line, f/p - ogre
Aim: an ogre, wielding a +0 giant club (poisoned, 72% to hit)
You throw a poisoned dart. The poisoned dart hits the ogre.
The ogre looks even sicker.
Unknown command.
Search for what [Enter for "."]?
Okay, then.
Unknown command.
Throw: 3 boomerangs
Press: ? - help, Shift-Dir - straight line, f/p - ogre
Aim: an ogre, wielding a +0 giant club (very poisoned, 72% to hit)
You throw a boomerang. The boomerang hits the ogre.
The ogre is lightly wounded.
You throw a boomerang. The boomerang hits the ogre.
The ogre is moderately wounded.
A frilled lizard comes into view.
You throw a boomerang. The frilled lizard hisses angrily.
The boomerang hits the ogre.
The ogre is heavily wounded.
You throw a boomerang. The boomerang hits the ogre.
The ogre is severely wounded.
You hit the ogre.
The ogre is severely wounded.
The ogre hits you with a +0 giant club!!
Ouch! That really hurt!
You die...

######.##..#
#.###.#
.(...
#.###.#
.....
#.....#
...l≈≈
#.##..#
...≈..
...###.#
#...≈ #####
#.# ... #.#
##O#
#.#####@.#
#.......## ∆
##.#...####
#...........
#..######...
#### #.. #


You could see an ogre (poisoned) and a frilled lizard.

Vanquished Creatures
  An adder (D:2)
  4 endoplasms
  2 goblins (D:1)
  3 hobgoblins
  4 ball pythons (D:1)
  A frilled lizard (D:1)
  3 kobolds
  3 rats
21 creatures vanquished.

Notes
Turn   | Place    | Note
-------+----------+-------------------------------------------
     0 | D:1      | jimonade the Gnoll Wanderer began the quest for the Orb.
     0 | D:1      | jimonade set off with the following items: a +0 hand axe, a
                  | potion of heal wounds, a scroll of fear, a +0 buckler, a +0
                  | leather armour
     0 | D:1      | Reached XP level 1. HP: 17/17 MP: 1/1
   366 | D:1      | Reached XP level 2. HP: 23/23 MP: 2/2
   613 | D:1      | Found a faded altar of an unknown god.
   838 | D:2      | Reached XP level 3. HP: 28/28 MP: 3/3
   906 | D:2      | Noticed an ogre
   913 | D:2      | Slain by an ogre

Illustrated notes

Levels and vault maps discovered:
D:1:      dpeg_arrival_rooms_a, layout_rooms,
          ebering_ecumenical_altar_petrified, st_stairs_5
D:2:      cheibrodos_helix_gallery, layout_rooms, uniq_crazy_yiuf_cottage,
          uniq_jessica, uniq_sigmund

Action                   || total
-------------------------++-------
Melee: Hand axe          ||    25
       Quarterstaff      ||    22
Throw: Boomerang         ||     4
       Dart              ||     2
Armor: Leather armour    ||     8
Dodge: Dodged            ||    27
Block: Buckler           ||     4
